 Seeded DCSS version 0.30-a0-241-g1121274140 (webtiles) character file.

Game seed: 5108871418127027609 (custom seed)

621 Hubris850 the Chiller (level 7, -7/50 HPs)
             Began as a Purple Draconian Ice Elementalist on Oct 10, 2022.
             Was an Initiate of Sif Muna.
             Mangled by Duvessa
             ... wielding a +0 short sword
              (10 damage)
             ... on level 4 of the Dungeon.
             The game lasted 00:10:54 (2443 turns).

Hubris850 the Chiller (DrIE)                        Turns: 2443, Time: 00:10:55

Health: -7/50      AC:  7    Str: 10    XL:     7   Next: 22%
Magic:  19/22      EV: 12    Int: 18    God:    Sif Muna [......]
Gold:   73         SH:  0    Dex:  9    Spells: 10/14 levels left

rFire   . . .      SeeInvis .    a - +10 whip "Moeraraczo" {elec, +Blink rC+ MP+9 Dex-2}
rCold   + . .      Faith    .    (no shield)
rNeg    . . .      Spirit   .    (body armour unavailable)
rPois   .          Reflect  .    (helmet restricted)
rElec   .          Harm     .    t - +0 cloak
rCorr   +          Rampage  .    (no gloves)
Will    +....                    (no boots)
Stlth   ++........               (no amulet)
HPRegen 0.28/turn                i - ring of resist corrosion
MPRegen 0.18/turn                (no ring)

@: no status effects
A: breathe power, AC +6, unfitting armour, cold-blooded
a: Breathe Dispelling Energy, Renounce Religion, Evoke Blink


You were on level 4 of the Dungeon.
You worshipped Sif Muna.
Sif Muna was noncommittal.
You visited 1 branch of the dungeon, and saw 4 of its levels.

You collected 84 gold pieces.
You spent 11 gold pieces at shops.

Inventory:

Hand Weapons
 a - the +10 whip "Moeraraczo" (weapon) {elec, +Blink rC+ MP+9 Dex-2}
   (You found it on level 2 of the Dungeon)

   It occasionally discharges a powerful burst of electricity upon striking a
   foe.
   Dex:       It affects your dexterity (-2).
   rC:        It protects you from cold.
   MP:        It affects your magic capacity (+9).
   +Blink:    It lets you blink.
 b - a +0 dagger
 u - a +2 quarterstaff of chaos
Missiles
 c - 5 poisoned darts
Armour
 e - a scarf of resistance
 t - a +0 cloak (worn)
Jewellery
 i - a ring of resist corrosion (left hand)
Wands
 s - a wand of polymorph (2)
Scrolls
 g - 4 scrolls of noise {unknown}
 h - a scroll of immolation {unknown}
 k - a scroll of amnesia {unknown}
 n - 3 scrolls of identify {unknown}
 p - a scroll of butterflies {unknown}
Potions
 d - 4 potions of curing {unknown}
 f - a potion of mutation {unknown}
 j - a potion of magic
 l - a potion of might {unknown}
 m - a potion of brilliance {unknown}
 o - a potion of invisibility {unknown}
 q - 2 potions of heal wounds {unknown}
 r - 2 potions of degeneration


   Skills:
 + Level 4.9 Maces & Flails
 - Level 3.6 Dodging
 - Level 2.6 Stealth
 - Level 4.1 Spellcasting
 - Level 5.0 Ice Magic


You had 10 spell levels left.
You knew the following spells:

 Your Spells              Type           Power      Damage    Failure   Level
a - Freeze                Ice            84%        1d9       1%          1
b - Frozen Ramparts       Ice            42%        1d7       5%          3

Your spell library contained the following spells:

 Spells                   Type           Power      Damage    Failure   Level
 Ozocubu's Armour         Ice            21%        N/A       5%          3
 Beastly Appendage        Tmut           6%         N/A       14%         1
 Sublimation of Blood     Necr           3%         N/A       22%         2
 Wereblood                Tmut           3%         N/A       22%         2
 Spider Form              Tmut/Pois      3%         N/A       41%         3
 Ice Form                 Ice/Tmut       12%        N/A       45%         4
 Summon Ice Beast         Ice/Summ       12%        N/A       45%         4
 Petrify                  Tmut/Erth      3%         N/A       82%         4
 Irradiate                Conj/Tmut      1%         3d12      99%         5


Dungeon Overview and Level Annotations

Branches:
Dungeon (4/15)
 Temple: D:4-7

Altars:
Sif Muna

Shops:
D:3 !:(!

Annotations:
D:4 Duvessa


Innate Abilities, Weirdness & Mutations

You can breathe bolts of dispelling energy.
Your rich purple scales are hard. (AC +6)
You cannot fit into any form of body armour.
You are cold-blooded and may be slowed by cold attacks.


Message History

The wall freezes Duvessa but does no damage.
Duvessa hits you with a +0 short sword!
You barely miss Duvessa.
Your tail-slap misses Duvessa.
Duvessa resists.
The wall freezes Duvessa.
Duvessa hits you with a +0 short sword!
You whack Duvessa!
Duvessa is lightly wounded.
The wall freezes Duvessa but does no damage.
Duvessa hits you with a +0 short sword.
* * * LOW HITPOINT WARNING * * *
The wall freezes Duvessa but does no damage.
Duvessa closely misses you.
You whack Duvessa! Lightning courses through Duvessa!
You tail-slap Duvessa, but do no damage.
Duvessa is heavily wounded.
Duvessa resists.
The wall freezes Duvessa.
Duvessa closely misses you.
You whack Duvessa! Your punch misses Duvessa.
Duvessa is severely wounded.
The wall freezes Duvessa but does no damage.
Duvessa misses you.
A phantom comes into view.
You barely miss Duvessa.
Duvessa is severely wounded.
The frozen ramparts melt away.
Duvessa closely misses you. Duvessa hits you with a +0 short sword.
* * * LOW HITPOINT WARNING * * *
You hit Duvessa.
Your tail-slap misses Duvessa.
Duvessa is severely wounded.
Duvessa hits you with a +0 short sword.
* * * LOW HITPOINT WARNING * * *
You closely miss Duvessa.
Duvessa is severely wounded.
Duvessa closely misses you.
You hit Duvessa.
Duvessa is almost dead.
Duvessa hits you with a +0 short sword.
* * * LOW HITPOINT WARNING * * *
You hit Duvessa.
Duvessa is almost dead.
Duvessa hits you with a +0 short sword!
You die...

....# #.#.# ....# #.#.#
##### ....# #.#.# #... #
....######.#.###.###.##
......................#!.
#....................e.#
#######.##.#.###.###....e
#.##.#.# #e# ### #.##†#.#
#@# #.##.#.# #.# #†##.#.#
#.# #.##.... #.. #.##...<
##W #.##.. .# #.##... ..
#.# .. #.#


You could see Duvessa (berserk) and a phantom.

Vanquished Creatures
  Grinder (D:3)
  Dowan (D:4)
  A hound (D:4)
  An orc priest (D:3)
  Crazy Yiuf (D:3)
  2 orc wizards (D:3)
  Natasha (thrice) (D:3)
  7 adders
  4 worms
  2 dart slugs
  6 orcs (D:3)
  A ball python (D:2)
  3 bats
  5 endoplasms
  3 giant cockroaches (D:2)
  7 goblins
  7 hobgoblins
  11 jackals
  4 kobolds
  A quokka (D:3)
  3 frilled lizards
  4 rats
78 creatures vanquished.

Notes
Turn   | Place    | Note
-------+----------+-------------------------------------------
     0 | D:1      | Hubris850 the Draconian Ice Elementalist began the quest
                  | for the Orb.
     0 | D:1      | Reached XP level 1. HP: 14/14 MP: 3/3
   322 | D:1      | You fall into a shaft and drop 1 floor!
   371 | D:2      | Reached XP level 2. HP: 20/20 MP: 0/5
   507 | D:2      | Identified the +1 chain mail of Mienuetyu {rCorr Str+3
                  | Int+7}
   574 | D:2      | Reached XP level 3. HP: 26/26 MP: 3/6
   972 | D:2      | Reached XP level 4. HP: 31/33 MP: 1/7
   982 | D:2      | Learned a level 3 spell: Frozen Ramparts
  1041 | D:2      | Identified the +10 whip "Moeraraczo" {elec, +Blink rC+ MP+9
                  | Dex-2}
  1363 | D:3      | Found Saiwe's Distillery.
  1369 | D:3      | Noticed Grinder
  1378 | D:3      | Paralysed by Grinder for 3 turns
  1384 | D:3      | Killed Grinder
  1385 | D:3      | Reached skill level 5 in Ice Magic
  1385 | D:3      | Reached XP level 5. HP: 24/38 MP: 10/10
  1385 | D:3      | Reached XP level 6. HP: 28/45 MP: 11/11
  1515 | D:3      | Found Yplacs's Book Boutique.
  1518 | D:3      | Found Dopuhuon's Weapon Boutique.
  1646 | D:3      | Found Zyabi's Distillery.
  1690 | D:3      | Bought a potion of degeneration for 11 gold pieces
  1712 | D:3      | Noticed Natasha
  1717 | D:3      | Killed Natasha
  1800 | D:3      | Noticed Natasha
  1807 | D:3      | Killed Natasha
  1985 | D:3      | Found a shimmering blue altar of Sif Muna.
  2074 | D:3      | Became a worshipper of Sif Muna the Loreminder
  2153 | D:3      | Noticed Natasha
  2156 | D:3      | Killed Natasha
  2191 | D:3      | Found a runed translucent door.
  2192 | D:3      | Noticed Crazy Yiuf
  2200 | D:3      | Killed Crazy Yiuf
  2201 | D:3      | Your scales start taking on a rich purple colour.
  2201 | D:3      | Reached XP level 7. HP: 34/50 MP: 13/13
  2420 | D:4      | Noticed Dowan
  2421 | D:4      | Noticed Duvessa
  2430 | D:4      | Killed Dowan
  2443 | D:4      | Mangled by Duvessa

Illustrated notes

Levels and vault maps discovered:
D:1:      kennysheep_arrival_seaside, layout_basic
D:2:      layout_basic, minmay_pentomino_w4
D:3:      layout_loops_cross, lemuel_doored_altar, serial_shops, shop,
          nicolae_shop_stone, shop_fountains, nicolae_shop_bloodbath_and_beyond,
          uniq_grinder, uniq_natasha, uniq_crazy_yiuf_cottage
D:4:      layout_loops_ring, serial_shops, shop, shop, nicolae_shop_statue_plus,
          shop_statue, kennysheep_mini, uniq_eustachio, uniq_duvessa

Skill      XL: |  1  2  3  4  5  6 |
---------------+-------------------+-----
Dodging        | 2 3 |  3.6
Stealth        | 2 |  2.6
Maces & Flails | 2 4 |  4.9
Spellcasting   | 3 4 |  4.1
Ice Magic      | 5 |  5.0

Action                   |  1- 3 |  4- 6 |  7- 9 || total
-------------------------+-------+-------+-------++-------
Melee: Dagger            |    70 |       |       ||    70
       Tailslap          |    12 |     7 |     2 ||    21
       Whip              |       |    66 |    36 ||   102
Throw: Dart              |       |     6 |       ||     6
 Cast: Freeze            |    38 |       |       ||    38
       Frozen Ramparts   |       |     3 |     2 ||     5
 Stab: Sleeping          |     1 |     4 |       ||     5
Armor: Skin              |    34 |    13 |     7 ||    54
Dodge: Dodged            |    52 |    17 |    14 ||    83

Table legend: (Time is in decaauts)
 A = Elapsed time spent in this place.
 B = Non-inter-level travel time spent in this place.
 C = Inter-level travel time spent in this place.
 D = Time resting spent in this place.
 E = Time spent auto-exploring this place.
 F = Levels seen in this place.
 G = Mean time per level.
                   A        B        C        D        E       F      G
               +--------+--------+--------+--------+--------+-----+--------+
         Total |   2435 |   2339 |     96 |    194 |   1565 |   4 |  608.8 |
       Dungeon |   2435 |   2339 |     96 |    194 |   1565 |   4 |  608.8 |
               +--------+--------+--------+--------+--------+-----+--------+

Top non-repeatable levels by time:
     D:2: 1018 daAuts
     D:3: 963 daAuts
     D:1: 321 daAuts
     D:4: 132 daAuts
